 Dungeon Crawl Stone Soup version 0.29-a0-283-ga02f740833 (webtiles) character file.

Game seed: 17034031452376595967

35 pokeman the Magician (level 3, -7/20 HPs)
             Began as a Deep Elf Hedge Wizard on Mar 13, 2022.
             Killed from afar by Robin (8 damage)
             ... with a puff of flame
             ... on level 2 of the Dungeon.
             The game lasted 00:04:03 (1776 turns).

pokeman the Magician (Deep Elf Hedge Wizard)        Turns: 1776, Time: 00:04:04

Health: -7/20      AC:  3    Str:  7    XL:     3   Next: 16%
Magic:  2/11       EV: 11    Int: 20    God:
Gold:   42         SH:  0    Dex: 14    Spells: 1/12 levels left

rFire   . . .      SeeInvis .   b - +0 whip (venom)
rCold   . . .      Faith    .   (no shield)
rNeg    . . .      Spirit   .   f - +0 leather armour
rPois   .          Reflect  .   c - +0 hat
rElec   .          Harm     .   (no cloak)
rCorr   .          Rampage  .   (no gloves)
Will    +....                   (no boots)
Stlth   ++........              (no amulet)
HPRegen 0.06/turn               g - ring of willpower
MPRegen 0.12/turn               (no ring)

@: very slightly contaminated
A: no striking features
a: no special abilities


You were on level 2 of the Dungeon.
You visited 1 branch of the dungeon, and saw 2 of its levels.

You collected 42 gold pieces.

Inventory:

Hand Weapons
 b - a +0 whip of venom (weapon)
Armour
 c - a +0 hat (worn)
 e - an orb of energy
 f - a +0 leather armour (worn)
Jewellery
 g - a ring of willpower (left hand)
Potions
 a - 2 potions of brilliance {unknown}
 d - a potion of magic


   Skills:
 + Level 0.8 Fighting
 + Level 0.8 Armour
 - Level 2.4 Dodging
 - Level 2.4 Stealth
 * Level 5.1 Spellcasting
 + Level 1.7 Conjurations
 - Level 1.1 Summonings
 - Level 1.1 Translocations


You had one spell level left.
You knew the following spells:

 Your Spells              Type           Power      Damage    Failure   Level
a - Magic Dart            Conj           48%        1d5       9%          1
b - Mephitic Cloud        Conj/Pois/Air  7%         N/A       36%         3
c - Call Imp              Summ           9%         N/A       16%         2
d - Blink                 Tloc           18%        N/A       16%         2
e - Conjure Flame         Conj/Fire      8%         6-21      34%         3

Your spell library contained the following spells:

 Spells                   Type           Power      Damage    Failure   Level
 Slow                     Hex            20%        N/A       17%         1


Dungeon Overview and Level Annotations

Branches:
Dungeon (2/15)

Altars:

Annotations:
D:2 Robin


Message History

HP restored.
You climb downwards.
Level annotation: Robin The goblin hits you with a +0 dagger.
There is a stone staircase leading up, spattered with blood here.
You closely miss the goblin. The goblin hits you but does no damage.
You hit the goblin but do no damage. The goblin barely misses you.
You hit the goblin.
You kill the goblin!
Robin zaps a wand.
The puff of flame hits you.
Casting: Mephitic Cloud (potentially lethal; 36% risk of failure)
Confirm with . or Enter, or press ? or * to list all spells.
The spell is potentially lethal to miscast (36% risk of failure)!
Continue anyway?
Aiming: Mephitic Cloud (potentially lethal; 36% risk of failure)
Press: ? - help, Shift-Dir - straight line, f - Robin
Aim: Robin, wielding a +3 antimagic whip, wearing a +0 animal skin, wearing a +0 helmet and carrying a wand of flame (13) (chance to affect: 91%)
You miscast Mephitic Cloud.
You are very lightly contaminated with residual magic.
Nothing appears to happen.
Casting: Mephitic Cloud (potentially lethal; 36% risk of failure)
Confirm with . or Enter, or press ? or * to list all spells.
The spell is potentially lethal to miscast (36% risk of failure)!
Continue anyway?
Aiming: Mephitic Cloud (potentially lethal; 36% risk of failure)
Press: ? - help, Shift-Dir - straight line, f/p - Robin
Aim: Robin, wielding a +3 antimagic whip, wearing a +0 animal skin, wearing a +0 helmet and carrying a wand of flame (13) (chance to affect: 91%)
You miscast Mephitic Cloud.
Nothing appears to happen.
Robin says, "Feeling lonely?"
Unknown command.
Casting: Mephitic Cloud (potentially lethal; 36% risk of failure)
Confirm with . or Enter, or press ? or * to list all spells.
The spell is potentially lethal to miscast (36% risk of failure)!
Continue anyway?
Aiming: Mephitic Cloud (potentially lethal; 36% risk of failure)
Press: ? - help, Shift-Dir - straight line, f/p - Robin
Aim: Robin, wielding a +3 antimagic whip, wearing a +0 animal skin, wearing a +0 helmet and carrying a wand of flame (13) (chance to affect: 91%)
You miscast Mephitic Cloud.
A wave of violent energy washes through your body.
Robin zaps a wand.
The puff of flame hits you!
* * * LOW HITPOINT WARNING * * *
Robin zaps a wand.
The puff of flame hits you!
You die...

#.# #.# #.# #.# #.#
#.# #.# #.# ##.##
#.# ##...####.#
#.#.#.##..########.#
#..........g)@.....#
##
#.#.#.##.##.####.###
.. #.).g###.##g# #.
#)#.## #.##.#
#.##)#.####[##.#
#.)......>†....#
.g)....####.....
######## ######


You could see Robin.

Vanquished Creatures
  2 giant cockroaches (D:1)
  12 goblins
  3 hobgoblins
  3 kobolds (D:1)
  A ball python (D:1)
  4 bats (D:1)
  3 frilled lizards (D:1)
  2 rats
30 creatures vanquished.

Notes
Turn   | Place    | Note
-------+----------+-------------------------------------------
     0 | D:1      | pokeman the Deep Elf Hedge Wizard began the quest for the
                  | Orb.
     0 | D:1      | Reached XP level 1. HP: 10/10 MP: 7/7
   358 | D:1      | Reached XP level 2. HP: 16/16 MP: 6/9
   922 | D:2      | Reached skill level 5 in Spellcasting
   935 | D:2      | Reached XP level 3. HP: 8/20 MP: 6/11
   936 | D:2      | Noticed Robin
   964 | D:1      | Learned a level 3 spell: Mephitic Cloud
   967 | D:1      | Learned a level 2 spell: Call Imp
   970 | D:1      | Learned a level 2 spell: Blink
   974 | D:1      | Learned a level 3 spell: Conjure Flame
  1775 | D:2      | HP: 1/20 [Robin/puff of flame (7)]
  1776 | D:2      | Killed from afar by Robin

Illustrated notes

Levels and vault maps discovered:
D:1:      lightli_arrival_boilingwater, layout_basic
D:2:      layout_loops_ring, kennysheep_generic_room_4, uniq_robin

Skill      XL: |  1  2 |
---------------+-------+-----
Spellcasting   | 5 |  5.1
Fighting       | |  0.8
Armour         | |  0.8
Dodging        | |  2.4
Stealth        | |  2.4
Conjurations   | |  1.7
Summonings     | |  1.1
Translocations | |  1.1

Action                   || total
-------------------------++-------
Melee: Whip              ||    15
 Cast: Magic Dart        ||    42
       Mephitic Cloud    ||     2
       Blink             ||     1
Armor: Leather armour    ||     6
Dodge: Dodged            ||    15

Table legend: (Time is in decaauts)
 A = Elapsed time spent in this place.
 B = Non-inter-level travel time spent in this place.
 C = Inter-level travel time spent in this place.
 D = Time resting spent in this place.
 E = Time spent auto-exploring this place.
 F = Levels seen in this place.
 G = Mean time per level.
                   A        B        C        D        E       F      G
               +--------+--------+--------+--------+--------+-----+--------+
         Total |   1781 |   1730 |     51 |    548 |    974 |   2 |  890.5 |
       Dungeon |   1781 |   1730 |     51 |    548 |    974 |   2 |  890.5 |
               +--------+--------+--------+--------+--------+-----+--------+

Top non-repeatable levels by time:
     D:1: 1688 daAuts
     D:2: 92 daAuts
